 Dungeon Sprint DCSS version 0.18.1-8-gdd0e5ea (webtiles) character file.

3696 Hipnos the Imperceptible (level 9, -2/38 (39) HPs)
             Began as a Spriggan Enchanter on May 21, 2016.
             Was the Champion of Jiyva.
             Slain by a demonic crawler (8 damage)
             ... in the Dungeon (Sprint I: "Red Sonja").
             The game lasted 00:10:02 (560 turns).

Hipnos the Imperceptible (Spriggan Enchanter)        Turns: 560, Time: 00:10:04

HP:   -2/38 (39)    AC:  2    Str:  5    XL:     9   Next: 90%
MP:   3/22          EV: 23    Int: 21    God:    Jiyva [******]
Gold: 247           SH:  0    Dex: 17    Spells: 3 memorised, 18 levels left

rFire  + . .     SeeInvis +     m - +0 dagger (venom)
rCold  + . .     Gourm    .     k - -1 robe (curse)
rNeg   . . .     Faith    .     (shield restricted)
rPois  .         Spirit   .     (helmet restricted)
rElec  .         Dismiss  .     p - +1 cloak {MR+}
rCorr  +         Reflect  .     (gloves unavailable)
SustAt .         Harm     .     (boots unavailable)
MR     ++++.     NoTele   +     (no amulet)
Stlth  +++++++++.               f - ring of the Mage {Wiz MR++ Int+3}
                                q - ring of protection from fire

@: very slightly contaminated, very quick, incredibly resistant to hostile
enchantments, incredibly stealthy
A: unfitting armour, talons 2, see invisible, cold resistance 1, herbivore 3,
speed 3, slow metabolism 2, acidic bite, eyeballs 2, pseudopods 1, tendrils
a: Request Jelly, Jelly Paralyse, Slimify, Cure Bad Mutation, Renounce Religion


You were in the Dungeon.
You worshipped Jiyva.
Jiyva was exalted by your worship.
You were completely stuffed.

You visited 1 branch You collected 1405 gold pieces.
You spent 1158 gold pieces at shops.

Inventory:

Hand Weapons
 a - a +1 dagger
 m - a +0 dagger of venom (weapon)
Armour
 b - a +1 robe
 k - a cursed -1 robe (worn)
 p - a +1 cloak of magic resistance (worn)
Jewellery
 f - the ring of the Mage (right hand) {Wiz MR++ Int+3}
   (You bought it in a shop in the Dungeon)

   [ring of wizardry]

   It improves your spell success rate.
   It affects your intelligence (+3).
   It affects your resistance to hostile enchantments.
 n - an uncursed ring of ice
 o - a +1 ring of evasion
 q - a ring of protection from fire (left hand)
Scrolls
 l - a scroll of immolation {unknown}
Potions
 e - 5 potions of curing
 g - a potion of haste
 h - 2 potions of magic
 i - a potion of berserk rage
Books
 c - a book of Maledictions

   Spells                             Type                      Level
   a - Corona                         Hexes                        1
   b - Ensorcelled Hibernation        Hexes/Ice                    2
   c - Confuse                        Hexes                        3
   d - Tukima's Dance                 Hexes                        3
   e - Dazzling Spray                 Conjuration/Hexes            3
Comestibles
 d - a bread ration


   Skills:
 + Level 2.1 Short Blades
 + Level 7.8 Dodging
 * Level 22.7 Stealth
 + Level 8.3 Spellcasting
 * Level 15.9 Hexes
 + Level 1.1 Ice Magic


You had 18 spell levels left.
You knew the following spells:

 Your Spells              Type           Power        Failure   Level  Hunger
a - Corona                Hex            ######.      0%          1    None
b - Ensorcelled Hibernat  Hex/Ice        #####.       1%          2    None
c - Confuse               Hex            ######..     1%          3    None


Dungeon Overview and Level Annotations

Branches:
Dungeon (1/1)

Altars:
Cheibriados
Dithmenos
Elyvilon
Fedhas
Gozag
Kikubaaqudgha
Makhleb
Nemelex Xobeh
Okawaru
Pakellas
Qazlal
Ru
Sif Muna
Trog
Vehumet
Xom
Yredelemnul
Zin
The Shining One
Jiyva

Shops:
D [(}%((*:[?!=(}[[%?[[!


Innate Abilities, Weirdness & Mutations

You are tiny and cannot use many weapons and most armour.
You have supernaturally acute eyesight.
You are a herbivore.
You cover ground extremely quickly.
You need consume almost no food.
You have razor-sharp toenails.
Your flesh is cold resistant.
You have acidic saliva.
Your body is mostly covered in golden eyeballs (Acc +5).
Armour fits poorly on your pseudopods.
You are covered in slimy tendrils that may disarm your opponents.


Message History

What do you say? t - Shout!
Orders for allies: a - Attack new target. r - Retreat! s - Stop attacking. w - Wait here. f - Follow me.
Anything else - Stay silent.
Gang up on whom?
Press: ? - help, Dir - move target cursor, f - demonic crawler
Aim: a demonic crawler (almost dead, clinging) Attack!
Your acid blob spits acid at the demonic crawler.
The splash of acid hits the demonic crawler.
You hit the demonic crawler but do no damage.
The demonic crawler is almost dead.
Your acid blob barely misses the demonic crawler.
The demonic crawler completely misses you. x2
The demonic crawler closely misses you. x2
The demonic crawler completely misses you.
The demonic crawler hits you!
You die...

##################
#<.#.....#..'..#__
#@J's.#..'..#..'J.
#.s#####'#####'#__
#..####..#...#.###
#..#__####..##§#≈≈
#..#_.G__##'#..§≈≈
#⌠⌠#_.∩...'..§_#§§
####_..._##_.#'##§
#_____###'#.#..
############.####.


You could see 2 demonic crawlers and a friendly acid blob.

Vanquished Creatures
  Sonja (D)
  A deep troll (D)
  An oklob plant (D)
  A demonic crawler (D)
  2 kobold demonologists (D)
  2 redbacks (D)
  Sigmund (D)
  A yak (D)
  An ogre (D)
  4 necrophages (D)
  Ijyb (D)
  3 ballistomycetes (D)
19 creatures vanquished.

Vanquished Creatures (collateral kills)
  2 centaur warriors (D)
  A wasp (D)
3 creatures vanquished.

Vanquished Creatures (others)
  2 unseen horrors (D)
  3 shining eyes (D)
  3 giant eyeballs (D)
  3 necrophages (D)
  9 jellies (D)
  2 giant spores (D)
22 creatures vanquished.

Grand Total: 44 creatures vanquished

Notes
Turn   | Place    | Note
--------------------------------------------------------------
     0 | D        | Hipnos the Spriggan Enchanter began the quest for the Orb.
     0 | D        | Reached XP level 1. HP: 9/9 MP: 5/5
     1 | D        | Noticed Ijyb
     4 | D        | Killed Ijyb
     4 | D        | Reached skill level 7 in Stealth
     4 | D        | Reached skill level 5 in Hexes
     4 | D        | Reached XP level 2. HP: 13/13 MP: 7/7
     9 | D        | Learned a level 2 spell: Ensorcelled Hibernation
     9 | D        | Noticed an ogre
    12 | D        | Killed an ogre
    12 | D        | Reached skill level 10 in Stealth
    12 | D        | Reached XP level 3. HP: 16/16 MP: 7/9
    12 | D        | Reached XP level 4. HP: 21/21 MP: 8/11
    22 | D        | Noticed Sigmund
    25 | D        | Killed Sigmund
    25 | D        | Reached skill level 13 in Stealth
    25 | D        | Reached skill level 10 in Hexes
    25 | D        | Reached XP level 5. HP: 24/24 MP: 10/13
    43 | D        | Learned a level 3 spell: Confuse
    53 | D        | Found a snail-covered altar of Cheibriados.
    53 | D        | Found a viscous altar of Jiyva.
    53 | D        | Found a shadowy altar of Dithmenos.
    53 | D        | Found a blossoming altar of Fedhas.
    53 | D        | Noticed a slime creature
    56 | D        | Became a worshipper of Jiyva Jageazig the Shapeless
    68 | D        | Reached * piety under Jiyva
    70 | D        | Found a deep blue altar of Sif Muna.
    72 | D        | Found a radiant altar of Vehumet.
    73 | D        | Reached ** piety under Jiyva
    80 | D        | Reached *** piety under Jiyva
    96 | D        | Found Bemy's Food Emporium.
    96 | D        | Found a white marble altar of Elyvilon.
    96 | D        | Found a stormy altar of Qazlal.
    96 | D        | Found a burning altar of Makhleb.
    96 | D        | Found a sacrificial altar of Ru.
    96 | D        | Found an oddly glowing altar of Pakellas.
    96 | D        | Found a basalt altar of Yredelemnul.
    96 | D        | Found a glowing golden altar of the Shining One.
    96 | D        | Found a sparkling altar of Nemelex Xobeh.
    96 | D        | Found a shimmering altar of Xom.
    96 | D        | Found an opulent altar of Gozag.
    96 | D        | Found an ancient bone altar of Kikubaaqudgha.
    96 | D        | Found a glowing silver altar of Zin.
    96 | D        | Noticed a yak
    97 | D        | Found an iron altar of Okawaru.
    98 | D        | Killed a yak
    98 | D        | Reached skill level 14 in Stealth
    98 | D        | Reached skill level 5 in Spellcasting
    98 | D        | Reached XP level 6. HP: 28/28 MP: 13/15
    99 | D        | Found a bloodstained altar of Trog.
   138 | D        | Noticed Sonja
   142 | D        | Killed Sonja
   142 | D        | Reached skill level 5 in Dodging
   142 | D        | Reached skill level 17 in Stealth
   142 | D        | Reached XP level 7. HP: 32/32 MP: 15/17
   152 | D        | Reached **** piety under Jiyva
   152 | D        | Gained mutation: You are partially covered in yellow scales (AC +2). [Jiyva's grace]
   154 | D        | Noticed a deep troll
   155 | D        | Reached ***** piety under Jiyva
   155 | D        | Gained mutation: You are agile. (Dex +2) [Jiyva's grace]
   158 | D        | Killed a deep troll
   158 | D        | Reached skill level 19 in Stealth
   158 | D        | Reached XP level 8. HP: 36/36 MP: 17/19
   168 | D        | Found Uhugibbu's Armour Emporium.
   258 | D        | Gained mutation: You have acidic saliva. [Jiyva's grace]
   260 | D        | Found Vearreps's Antique Armour Boutique.
   268 | D        | Bought a glowing cloak for 85 gold pieces
   274 | D        | Lost mutation: You are agile. (Dex +2) [Jiyva's grace]
   277 | D        | Reached ****** piety under Jiyva
   286 | D        | Killed a shining eye
   291 | D        | Noticed a centaur warrior
   291 | D        | Noticed a centaur warrior
   297 | D        | Killed a centaur warrior
   301 | D        | Killed a centaur warrior
   301 | D        | Reached skill level 20 in Stealth
   301 | D        | Reached XP level 9. HP: 39/39 MP: 21/21
   307 | D        | Lost mutation: You are partially covered in yellow scales (AC +2). [Jiyva's grace]
   321 | D        | Gained mutation: You have sharp toenails. [Jiyva's grace]
   323 | D        | Noticed an oklob plant
   323 | D        | Gained mutation: Your mind is acute. (Int +2) [Jiyva's grace]
   325 | D        | Killed an oklob plant
   325 | D        | Reached skill level 21 in Stealth
   325 | D        | Reached skill level 15 in Hexes
   325 | D        | Killed a shining eye
   334 | D        | Gained mutation: You have a small jelly attached to you that may absorb incoming projectiles. [Jiyva's grace]
   337 | D        | Gained mutation: Armour fits poorly on your pseudopods. [Jiyva's grace]
   344 | D        | Gained mutation: You have razor-sharp toenails. [Jiyva's grace]
   363 | D        | Noticed an unseen horror
   364 | D        | Noticed an unseen horror
   365 | D        | Killed a shining eye
   367 | D        | Gained mutation: Your body is partially covered in golden eyeballs (Acc +3). [Jiyva's grace]
   369 | D        | Gained mutation: Your system is resistant to poisons. [Jiyva's grace]
   369 | D        | Gained mutation: Your flesh is cold resistant. [Jiyva's grace]
   369 | D        | Killed an unseen horror
   372 | D        | Lost mutation: Your system is resistant to poisons. [Jiyva's grace]
   376 | D        | Killed an unseen horror
   380 | D        | Gained mutation: You are covered in slimy tendrils that may disarm your opponents. [Jiyva's grace]
   383 | D        | Lost mutation: You have a small jelly attached to you that may absorb incoming projectiles. [Jiyva's grace]
   383 | D        | Gained mutation: Your body is mostly covered in golden eyeballs (Acc +5). [Jiyva's grace]
   385 | D        | Found Peogo's Book Shoppe.
   385 | D        | Found Conoo's Assorted Antiques.
   385 | D        | Found Teit Haz's Antique Armour Boutique.
   385 | D        | Lost mutation: Your mind is acute. (Int +2) [Jiyva's grace]
   387 | D        | Found Bene's Magic Scroll Emporium.
   387 | D        | Found Eplarheb's Distillery.
   387 | D        | Found Seeqaph's Jewellery Shoppe.
   387 | D        | Found Kuewnosi's Weapon Boutique.
   387 | D        | Found Tehaf's Gadget Emporium.
   387 | D        | Found Sycor's Antique Armour Shop.
   387 | D        | Found Zasaic's Armour Shoppe.
   390 | D        | Found Zugygor's Food Boutique.
   391 | D        | Found Toxei's Armour Emporium.
   391 | D        | Found Ujaife Daerch's Magic Scroll Boutique.
   392 | D        | Found Serexeu's Distillery.
   393 | D        | Bought the ring of the Mage {Wiz MR++ Int+3} for 723 gold pieces
   393 | D        | Bought an uncursed ring of protection from fire for 350 gold pieces
   447 | D        | Noticed a shining eye
   449 | D        | Noticed a shining eye
   450 | D        | Noticed a shining eye
   450 | D        | Noticed a shining eye
   450 | D        | Noticed a shining eye
   454 | D        | Found Ichuv's Weapon Boutique.
   454 | D        | Found Soofar's Gadget Emporium.
   456 | D        | Found Jedghaquu's Weapon Shoppe.
   457 | D        | Found Dofunur's Antique Weapon Shop.
   506 | D        | Noticed a kobold demonologist
   507 | D        | Noticed a kobold demonologist
   509 | D        | Noticed a demonic crawler
   509 | D        | Noticed a demonic crawler
   509 | D        | Noticed a demonic crawler
   509 | D        | Noticed a demonic crawler
   509 | D        | Killed a kobold demonologist
   509 | D        | Reached skill level 22 in Stealth
   509 | D        | Reached skill level 1 in Ice Magic
   512 | D        | Killed a kobold demonologist
   520 | D        | Killed a demonic crawler
   560 | D        | Slain by a demonic crawler

Skill      XL: |  1  2  3  4  5  6  7  8  9 |
---------------+----------------------------+-----
Stealth        | 7 10 13 14 17 19 20 22 | 22.7
Spellcasting   | 3 4 5 6 7 8 |  8.3
Hexes          | 5 8 10 11 13 14 15 | 15.9
Dodging        | 4 5 6 7 |  7.8
Short Blades   | 2 |  2.1
Ice Magic      | 1 |  1.1

Action                   |  1- 3 |  4- 6 |  7- 9 || total
-------------------------+-------+-------+-------++-------
Melee: Dagger            |     2 |     3 |    65 ||    70
       Kick              |       |       |     2 ||     2
       Bite              |       |       |     2 ||     2
       Pseudopods        |       |       |     1 ||     1
 Cast: Ensorcelled Hiber |       |       |     5 ||     5
       Confuse           |       |       |     8 ||     8
  Use: Potion            |       |       |     1 ||     1
       Scroll            |       |       |     1 ||     1
 Stab: Sleeping          |     2 |     3 |     7 ||    12
       Confused          |       |       |     2 ||     2
       Distracted        |       |       |     1 ||     1
Armor: Robe              |       |       |     1 ||     1
Dodge: Dodged            |       |       |    46 ||    46
